 Dungeon Crawl Stone Soup version 0.29.1-15-g9cfb28693d (webtiles) character file.

Game seed: 8084119759999725352

286 Eitelfritz the Slasher (level 6, -5/51 HPs)
             Began as a Minotaur Gladiator on Apr 29, 2023.
             Was an Initiate of Wu Jian.
             Slain by a scorpion (7 damage)
             ... on level 4 of the Dungeon.
             The game lasted 00:06:07 (3453 turns).

Eitelfritz the Slasher (Minotaur Gladiator)         Turns: 3453, Time: 00:06:08

Health: -5/51      AC:  3    Str: 19    XL:     6   Next: 8%
Magic:  5/5        EV: 12    Int:  7    God:    Wu Jian [......]
Gold:   65         SH:  0    Dex: 11    Spells: 5/5 levels left

rFire   . . .      SeeInvis .   a - +0 long sword
rCold   . . .      Faith    .   (no shield)
rNeg    . . .      Spirit   .   q - +0 leather armour
rPois   .          Reflect  .   c - +0 hat
rElec   .          Harm     .   (no cloak)
rCorr   .          Rampage  .   (no gloves)
Will    .....                   (no boots)
Stlth   +.........              (no amulet)
HPRegen 0.17/turn               (no ring)
MPRegen 0.09/turn               (no ring)

@: mighty, lethally poisoned (-5 -> -15)
A: horns 2, retaliatory headbutt
a: Renounce Religion


You were on level 4 of the Dungeon.
You worshipped Wu Jian.
Wu Jian was noncommittal.
You visited 1 branch of the dungeon, and saw 4 of its levels.

You collected 125 gold pieces.
You spent 60 gold pieces at shops.

Inventory:

Hand Weapons
 a - a +0 long sword (weapon)
 b - a +0 sling
 v - a +0 morningstar
Missiles
 d - 3 throwing nets (quivered)
 e - a javelin
 h - 6 curare-tipped darts
 u - 5 silver javelins
Armour
 c - a +0 hat (worn)
 q - a +0 leather armour (worn)
 y - a scarf of shadows
Jewellery
 x - a +6 ring of strength
Scrolls
 f - 3 scrolls of identify {unknown}
 i - a scroll of enchant armour {unknown}
 j - 2 scrolls of immolation {unknown}
 l - 2 scrolls of blinking {unknown}
 n - a scroll of silence {unknown}
 o - a scroll of enchant weapon {unknown}
 s - 3 scrolls of teleportation {unknown}
 t - 2 scrolls of torment {unknown}
 z - a scroll of amnesia {unknown}
Potions
 g - a potion of mutation {unknown}
 k - a potion of cancellation {unknown}
 m - a potion of haste {unknown}
 p - a potion of might
 r - 2 potions of curing {unknown}
 w - a potion of berserk rage {unknown}


   Skills:
 + Level 3.5 Fighting
 + Level 6.1 Long Blades
 + Level 2.0 Throwing
 + Level 2.7 Armour
 + Level 4.4 Dodging
 + Level 0.6 Stealth


You had 5 spell levels left.
You didn't know any spells.
Your spell library was empty.

Dungeon Overview and Level Annotations

Branches:
Dungeon (4/15)
 Temple: D:4-7

Altars:
Ashenzari
Dithmenos
Kikubaaqudgha
Okawaru
Ru
Trog
Wu Jian
Xom

Shops:
D:2 *


Innate Abilities, Weirdness & Mutations

You have a pair of horns on your head.
You reflexively headbutt those who attack you in melee.


Message History

You are frozen.
* * * LOW HITPOINT WARNING * * *
You see here 11 gold pieces.
You hit the endoplasm.
You kill the endoplasm!
You now have 65 gold pieces (gained 11).
There is an ornate altar of the Wu Jian Council here.
You kneel at the altar of Wu Jian.
The Council welcomes you!
You can now perform damaging attacks by moving towards foes.
Found a scroll labelled OTWOEBB ETRUNG.
Found 13 gold pieces.
f - 3 scrolls labelled HUUNUJ CERANAF (gained 1)
A hobgoblin comes into view.
The hobgoblin shouts!
You hear the hiss of an avalanche of sand very nearby.
A scorpion comes into view.
Found a stone staircase leading down.
You barely miss the hobgoblin. You headbutt the hobgoblin.
The hobgoblin is severely wounded.
The hobgoblin closely misses you.
You hit the hobgoblin.
You kill the hobgoblin!
The Council accepts your kill.
A hobgoblin comes into view.
Found 16 gold pieces.
The hobgoblin shouts!
You feel very mighty all of a sudden. The scorpion barely misses you.
You hit the scorpion but do no damage. The scorpion stings you.
* * * LOW HITPOINT WARNING * * *
You are lethally poisoned!
The scorpion poisons you! The scorpion stings you.
* * * LOW HITPOINT WARNING * * *
You slash the scorpion!
The scorpion is heavily wounded.
* * * LOW HITPOINT WARNING * * *
You feel very sick. The scorpion stings you!
You die...

#.....###$.....#
###.?...#.......#
.#...............#
..................#
#.................#
##.............##..#
....##........g....#
....#..............#
.##.....#......s@..#
.#.....#...........#
.......##..........#
..............##...#
.............<.#..##
............#.....#####
...._......##..........
.._†.._.##..##......#.
.........#..#.......##
..


You could see a scorpion and a hobgoblin.

Vanquished Creatures
  A necrophage (D:4)
  A scorpion (D:4)
  3 gnolls (D:2)
  6 adders
  A worm (D:2)
  4 dart slugs
  3 orcs
  2 ball pythons
  5 endoplasms
  2 giant cockroaches (D:2)
  7 goblins
  12 hobgoblins
  4 jackals (D:2)
  4 kobolds
  2 quokkas
  6 bats
  3 frilled lizards
  7 rats
73 creatures vanquished.

Notes
Turn   | Place    | Note
-------+----------+-------------------------------------------
     0 | D:1      | Eitelfritz the Minotaur Gladiator began the quest for the
                  | Orb.
     0 | D:1      | Reached XP level 1. HP: 18/18 MP: 0/0
   363 | D:1      | Reached skill level 4 in Long Blades
   421 | D:1      | Reached XP level 2. HP: 25/25 MP: 1/1
   970 | D:2      | Found Cerr's General Store.
   994 | D:2      | Reached XP level 3. HP: 19/30 MP: 2/2
  1233 | D:2      | Reached skill level 5 in Long Blades
  1331 | D:2      | Reached skill level 1 in Armour
  1355 | D:2      | Reached XP level 4. HP: 36/37 MP: 3/3
  1476 | D:2      | Bought a potion of degeneration for 12 gold pieces
  2779 | D:3      | Reached XP level 5. HP: 45/45 MP: 4/4
  2926 | D:3      | Found a faded altar of an unknown god.
  3258 | D:2      | Bought a potion of might for 48 gold pieces
  3296 | D:4      | Found an iron altar of Okawaru.
  3318 | D:4      | Found a bloodstained altar of Trog.
  3319 | D:4      | Found an ancient bone altar of Kikubaaqudgha.
  3342 | D:4      | Found a shimmering altar of Xom.
  3343 | D:4      | Found a shadowy altar of Dithmenos.
  3343 | D:4      | Found an ornate altar of the Wu Jian Council.
  3343 | D:4      | Found a sacrificial altar of Ru.
  3344 | D:4      | Found a broken altar of Ashenzari.
  3389 | D:4      | Reached skill level 6 in Long Blades
  3389 | D:4      | Reached XP level 6. HP: 4/51 MP: 5/5
  3425 | D:4      | Became a worshipper of the Wu Jian Council
  3453 | D:4      | HP: 2/51 [poisoned by a scorpion]
  3453 | D:4      | Slain by a scorpion

Illustrated notes

Levels and vault maps discovered:
D:1:      onia_arrival_pyramid, layout_basic
D:2:      layout_basic, serial_shops, nicolae_shop_hallway_plus,
          chequers_mini_garden, chequers_serial_rivers_small_a
D:3:      minmay_recursive_quarters, layout_rooms, serial_glass,
          glass_columns_b, glass_columns_b, glass_columns_a, glass_columns_c,
          feat_on_display, chequers_ecumenical_altar_simple
D:4:      layout_cave_pools, nemelex_xobeh_ov_fountains_minmay,
          grunt_temple_overflow_open, zin_purify, chequers_ossuary_entry_cave

Skill      XL: |  1  2  3  4  5 |
---------------+----------------+-----
Long Blades    | 4 5 6 |  6.1
Armour         | 1 2 |  2.7
Dodging        | 4 |  4.4
Fighting       | 3 |  3.5
Throwing       | |  2.0
Stealth        | |  0.6

Action                   |  1- 3 |  4- 6 || total
-------------------------+-------+-------++-------
Melee: Long sword        |    80 |   101 ||   181
       Headbutt          |     8 |    14 ||    22
       Punch             |       |     1 ||     1
  Use: Potion            |       |     1 ||     1
Armor: Leather armour    |    28 |    21 ||    49
Dodge: Dodged            |    80 |    64 ||   144
